 Dungeon Crawl Stone Soup version 0.18-a0-1523-gbe15c29 (webtiles) character file.

284 GrosslyIncandescent the Insei (level 6, -2/49 HPs)
             Began as a Mummy Monk on Mar 7, 2016.
             Slain by FrancescoMac's ghost (9 damage)
             ... on level 3 of the Dungeon.
             The game lasted 00:07:43 (3924 turns).

GrosslyIncandescent the Insei (Mummy Monk)          Turns: 3924, Time: 00:07:43

Health: -2/49      AC:  0    Str: 15    XL:     6   Next: 7%
Magic:  6/6        EV: 13    Int:  9    God:
Gold:   96         SH:  0    Dex: 16    Spells: 0 memorised, 5 levels left

rFire  x . .     SeeInvis .       - Unarmed
rCold  + . .     Gourm    .     (no armour)
rNeg   + + +     Faith    .     (no shield)
rPois  ∞         Spirit   .     (no helmet)
rElec  .         Dismiss  .     (no cloak)
rCorr  +         Reflect  .     (no gloves)
SustAt .         Harm     .     (no boots)
MR     +....                    (no amulet)
Stlth  ++........               j - ring of resist corrosion
                                e - ring of protection from magic

@: somewhat resistant to hostile enchantments, unstealthy
A: no food or potions, fire vulnerability, cold resistance 1, negative energy
resistance 3, torment resistance, unbreathing
a: no special abilities


You were on level 3 of the Dungeon.
You were not hungry.

You visited 1 branch of the dungeon, and saw 4 of its levels.

You collected 96 gold pieces.


Innate Abilities, Weirdness & Mutations

You do not eat or drink.
Your flesh is vulnerable to fire.
You are immune to poison.
Your flesh is cold resistant.
You are immune to negative energy.
You are immune to unholy pain and torment.
You can survive without breathing.


   Skills:
 + Level 4.7 Fighting
 - Level 2.4 Dodging
 - Level 1.5 Stealth
 - Level 5.2 Unarmed Combat


You had 5 spell levels left.
You didn't know any spells.

Inventory:

Jewellery
 e - a ring of protection from magic (left hand)
 j - a ring of resist corrosion (right hand)
Scrolls
 a - 3 scrolls of recharging {unknown}
 b - 2 scrolls of identify {unknown}
 c - a scroll of remove curse {unknown}
 d - a scroll of enchant weapon {unknown}
 f - a scroll of magic mapping {unknown}
 g - a scroll of blinking {unknown}
 h - 3 scrolls of fear {unknown}
 i - 3 scrolls of enchant armour {unknown}

Dungeon Overview and Level Annotations

Branches:
Dungeon (4/15)
 Temple: D:4-7

Altars:
Makhleb
Pakellas
Qazlal
Ru
Yredelemnul

Annotations:
D:2 exclusion: 2 downstairs
D:3 FrancescoMac's ghost, amateur TrBe
D:4 Duvessa

...............▒.........▒
...............▒.........▒
...........)...▒....▒▒▒▒▒▒▒▒▒▒▒▒▒
▒▒▒▒▒▒▒.....>.........((.........
▒.............[............
▒........▒.......▒▒▒▒▒▒▒▒▒▒
▒▒▒▒........▒<......▒
▒...▒▒▒▒▒.▒.▒▒......▒ ▒...▒
▒.▒.WM......▒
▒▒▒▒...▒▒▒▒▒.▒▒...(....▒
.......▒▒........▒.....▒
...)....<....▒▒▒.......▒
.....▒▒▒▒...........)..▒ .....▒
▒..............▒ ▒▒▒▒▒▒▒
.....▒▒▒▒.........▒▒▒▒▒▒ ▒......
.....'............▒ ▒.....[
.....▒▒▒▒▒▒▒.▒▒▒▒▒▒ ▒......


You could see FrancescoMac's ghost.


Message History

You pummel FrancescoMac's ghost like a punching bag!!!
FrancescoMac's ghost is almost destroyed!
FrancescoMac's ghost completely misses you!
You pound FrancescoMac's ghost but do no damage!
FrancescoMac's ghost is almost destroyed!
FrancescoMac's ghost closely misses you!
You closely miss FrancescoMac's ghost!
FrancescoMac's ghost is almost destroyed!
You closely miss FrancescoMac's ghost!
FrancescoMac's ghost is almost destroyed!
FrancescoMac's ghost closely misses you!
You squash FrancescoMac's ghost but do no damage!
You punch FrancescoMac's ghost, but do no damage!
FrancescoMac's ghost is almost destroyed!
FrancescoMac's ghost hits you! * * * don't die
* * * You pulverise FrancescoMac's ghost but do no damage!
FrancescoMac's ghost is almost destroyed!
FrancescoMac's ghost misses you!
You pound FrancescoMac's ghost but do no damage!
FrancescoMac's ghost is almost destroyed!
FrancescoMac's ghost hits you!!! * * * don't die
* * * You barely miss FrancescoMac's ghost!
FrancescoMac's ghost is almost destroyed!
FrancescoMac's ghost hits you!!! * * * don't die
* * * FrancescoMac's ghost says, "Crushing you to a pulp will hurt a lot!
After that?
Painless!!!
I promise!!!"
FrancescoMac's ghost hits you!!! rip

Action                   |  1- 3 |  4- 6 || total
-------------------------+-------+-------++-------
Melee: Unarmed           |    81 |   175 ||   256
 Stab: Sleeping          |     4 |     2 ||     6

Vault maps used:
D:1:      tarquinn_simple_flora_water_a
D:2:      lemuel_coloured_pillars_altar, lightli_temple_of_fire, uniq_natasha
D:3:      gammafunk_temple_overflow_forgotten
D:4:      minmay_temple_entry_trees, uniq_duvessa, uniq_eustachio

Notes
Turn   | Place    | Note
--------------------------------------------------------------
     0 | D:1      | GrosslyIncandescent the Mummy Monk began the quest for the Orb.
     0 | D:1      | Reached XP level 1. HP: 18/18 MP: 1/1
   286 | D:1      | Reached XP level 2. HP: 13/24 MP: 2/2
   631 | D:1      | Reached skill level 4 in Unarmed Combat
   681 | D:1      | Reached XP level 3. HP: 24/29 MP: 3/3
  1129 | D:2      | Noticed Natasha
  1137 | D:2      | Killed Natasha
  1137 | D:2      | Reached XP level 4. HP: 21/35 MP: 4/4
  1229 | D:2      | Noticed Natasha
  1363 | D:2      | Killed Natasha
  1459 | D:2      | Found a burning altar of Makhleb.
  1600 | D:2      | Noticed Natasha
  1600 | D:2      | Reached skill level 5 in Unarmed Combat
  1607 | D:2      | Killed Natasha
  1828 | D:2      | Reached XP level 5. HP: 29/41 MP: 5/5
  1890 | D:2      | Found an oddly glowing altar of Pakellas.
  1925 | D:3      | Noticed FrancescoMac's ghost (amateur TrBe)
  1930 | D:3      | How the fuck do you splat a TrBe in D3 you piece of shit
  2238 | D:3      | Found a stormy altar of Qazlal.
  2366 | D:3      | Found a sacrificial altar of Ru.
  2413 | D:3      | Found a basalt altar of Yredelemnul.
  3139 | D:4      | Noticed Duvessa
  3210 | D:4      | Reached skill level 4 in Fighting
  3731 | D:4      | Noticed an ogre
  3824 | D:3      | Reached XP level 6. HP: 43/49 MP: 6/6
  3907 | D:3      | HP: 4/49 [FrancescoMac's ghost (14)]
  3924 | D:3      | Slain by FrancescoMac's ghost

Vanquished Creatures
  A crimson imp (D:4)
  An orc priest (D:3)
  Natasha (thrice) (D:2)
  A worker ant (D:4)
  4 adders
  2 oozes (D:3)
  An adder skeleton (D:4)
  A worm (D:3)
  2 dart slugs
  3 giant geckos
  4 orcs (D:3)
  3 giant cockroaches
  6 goblins
  11 hobgoblins
  A quokka (D:2)
  2 ball pythons
  8 bats
  4 giant newts
  4 kobolds
  7 rats
69 creatures vanquished.
